TOP OF THE 1ST |
Highwood Hawks batting - Pitching for Delaware 1787 BC : RHP Pedro Reynoso
|
Pitching: RHP Pedro Reynoso
|
|
Batting: RHB Luis Díaz
|
0-0: Ball 1-0: Ball 2-0: Ball 3-0: Called Strike 3-1: Called Strike 3-2: Foul Ball, location: 2F 3-2: Base on Balls
|
Batting: RHB Owen Cannon
|
0-0: Called Strike 0-1: Ball 1-1: Foul Ball, location: 2F 1-2: Ground out U3 (Groundball, 3S) Luis Díaz to second
|
Batting: LHB Jeff Simpson
|
0-0: Ball 1-0: Called Strike 1-1: Ground out 4-3 (Groundball, 4) Luis Díaz to third
|
Batting: RHB Stephen McManus
|
0-0: Ball 1-0: Ball 2-0: Called Strike 2-1: Ball 3-1: Foul Ball, location: 2F 3-2: Base on Balls
|
Batting: RHB Lane McCool
|
0-0: Ball 1-0: SINGLE (Groundball, 3D) Luis Díaz scores Stephen McManus to second Runner from 2nd tries for 3rd, SAFE, no throw
|
Batting: SHB Iikka Karpinen
|
0-0: Ball 1-0: Called Strike 1-1: Fly out, F3 (Line Drive, 3S)
|
Top of the 1st over - 1 run(s), 1 hit(s), 0 error(s), 2 left on base; Highwood 1 - Delaware 0 |
BOTTOM OF THE 1ST |
Delaware 1787 BC batting - Pitching for Highwood Hawks : RHP Blaine Stottlar
|
Pitching: RHP Blaine Stottlar
|
|
Batting: RHB David Wooderson
|
0-0: Ball 1-0: Ball 2-0: Ball 3-0: Base on Balls
|
Batting: RHB José Rodríguez
|
0-0: Foul Ball, location: 2F 0-1: Ball 1-1: Ball 2-1: Foul Ball, location: 2F 2-2: Ball 3-2: Grounds into double play, 5-4-3 (Groundball, 56)
|
Batting: LHB Juan Ledezma
|
0-0: Called Strike 0-1: Called Strike 0-2: Ball 1-2: Ball 2-2: Strikes out swinging
|
Bottom of the 1st over - 0 run(s), 0 hit(s), 0 error(s), 0 left on base; Highwood 1 - Delaware 0 |
TOP OF THE 2ND |
Highwood Hawks batting - Pitching for Delaware 1787 BC : RHP Pedro Reynoso
|
Batting: RHB Ray Covalt
|
0-0: Called Strike 0-1: Ball 1-1: Fly out, F5 (Popup, 56S)
|
Batting: RHB Johnny Henshaw-Jacobs
|
0-0: Ball 1-0: Swinging Strike 1-1: Called Strike 1-2: Ball 2-2: Strikes out swinging
|
Batting: LHB Carlos Medellín
|
0-0: Ball 1-0: Called Strike 1-1: Foul Ball, location: 2F 1-2: Ground out 3-1 (Groundball, 34)
|
Top of the 2nd over - 0 run(s), 0 hit(s), 0 error(s), 0 left on base; Highwood 1 - Delaware 0 |
BOTTOM OF THE 2ND |
Delaware 1787 BC batting - Pitching for Highwood Hawks : RHP Blaine Stottlar
|
Batting: RHB Phil Moore
|
0-0: Fly out, F9 (Line Drive, 9LS)
|
Batting: RHB Randy Sheffield
|
0-0: Ball 1-0: Ground out 5-3 (Groundball, 56S)
|
Batting: RHB John Willoughby
|
0-0: Ball 1-0: Foul Ball, location: 2F 1-1: Ball 2-1: Foul Ball, location: 2F 2-2: Strikes out swinging
|
Bottom of the 2nd over - 0 run(s), 0 hit(s), 0 error(s), 0 left on base; Highwood 1 - Delaware 0 |
TOP OF THE 3RD |
Highwood Hawks batting - Pitching for Delaware 1787 BC : RHP Pedro Reynoso
|
Batting: RHB Luis Díaz
|
0-0: Called Strike 0-1: Ball 1-1: Ball 2-1: SINGLE (Line Drive, 56)
|
Batting: RHB Owen Cannon
|
0-0: Ball 1-0: Ball 2-0: Foul Ball, location: 2F 2-1: Ball 3-1: Swinging Strike 3-2: Foul Ball, location: 2F 3-2: Strikes out looking
|
Batting: LHB Jeff Simpson
|
0-0: Ball 1-0: Called Strike 1-1: Ball 2-1: Ball 3-1: Foul Ball, location: 2F 3-2: Base on Balls Luis Díaz to second
|
Batting: RHB Stephen McManus
|
0-0: Called Strike 0-1: Ball 1-1: Ball 2-1: Foul Ball, location: 2F 2-2: Foul Ball, location: 2F 2-2: Foul Ball, location: 2F 2-2: Strikes out looking
|
Batting: RHB Lane McCool
|
0-0: Ball 1-0: Swinging Strike 1-1: Foul Ball, location: 2F 1-2: Ball 2-2: Strikes out looking
|
Top of the 3rd over - 0 run(s), 1 hit(s), 0 error(s), 2 left on base; Highwood 1 - Delaware 0 |
BOTTOM OF THE 3RD |
Delaware 1787 BC batting - Pitching for Highwood Hawks : RHP Blaine Stottlar
|
Batting: SHB Chris Hansen
|
0-0: Called Strike 0-1: Called Strike 0-2: Fly out, F6 (Line Drive, 6)
|
Batting: LHB Donovan Inman
|
0-0: Called Strike 0-1: Swinging Strike 0-2: Ball 1-2: Fly out, F8 (Flyball, 8LM)
|
Batting: RHB Toyozo Yamasaki
|
0-0: Ball 1-0: Ground out 4-3 (Groundball, 4M)
|
Bottom of the 3rd over - 0 run(s), 0 hit(s), 0 error(s), 0 left on base; Highwood 1 - Delaware 0 |
TOP OF THE 4TH |
Highwood Hawks batting - Pitching for Delaware 1787 BC : RHP Pedro Reynoso
|
Batting: SHB Iikka Karpinen
|
0-0: Called Strike 0-1: Ground out 4-3 (Groundball, 4)
|
Batting: RHB Ray Covalt
|
0-0: Fly out, F8 (Flyball, 78M)
|
Batting: RHB Johnny Henshaw-Jacobs
|
0-0: Ball 1-0: Ball 2-0: Swinging Strike 2-1: Called Strike 2-2: Foul Ball, location: 2F 2-2: Foul Ball, location: 2F 2-2: Foul Ball, location: 2F 2-2: Ball 3-2: Strikes out swinging
|
Top of the 4th over - 0 run(s), 0 hit(s), 0 error(s), 0 left on base; Highwood 1 - Delaware 0 |
BOTTOM OF THE 4TH |
Delaware 1787 BC batting - Pitching for Highwood Hawks : RHP Blaine Stottlar
|
Batting: RHB David Wooderson
|
0-0: Called Strike 0-1: Foul Ball, location: 2F 0-2: Ball 1-2: Ball 2-2: Reached on error, E5 (Groundball, 56S)
|
Batting: RHB José Rodríguez
|
0-0: Ball 1-0: Ball 2-0: Called Strike 2-1: Foul Ball, location: 2F 2-2: Foul Ball, location: 2F 2-2: Foul Ball, location: 2F 2-2: Foul Ball, location: 2F 2-2: Foul Ball, location: 2F 2-2: Ground out U3 (Groundball, 3) David Wooderson to third
|
Batting: LHB Juan Ledezma
|
0-0: Ball 1-0: Called Strike 1-1: SINGLE (Groundball, 34D) David Wooderson scores
|
Batting: RHB Phil Moore
|
0-0: Ground out 4-3 (Groundball, 4MS) Juan Ledezma to second
|
Batting: RHB Randy Sheffield
|
0-0: Ball 1-0: Called Strike 1-1: Fly out, F9 (Flyball, 9S)
|
Bottom of the 4th over - 1 run(s), 1 hit(s), 1 error(s), 1 left on base; Highwood 1 - Delaware 1 |
TOP OF THE 5TH |
Highwood Hawks batting - Pitching for Delaware 1787 BC : RHP Pedro Reynoso
|
Batting: LHB Carlos Medellín
|
0-0: Called Strike 0-1: Swinging Strike 0-2: Ball 1-2: Ball 2-2: Foul Ball, location: 2F 2-2: Ball 3-2: Strikes out swinging
|
Batting: RHB Luis Díaz
|
0-0: Swinging Strike 0-1: Foul Ball, location: 2F 0-2: Foul Ball, location: 2F 0-2: Strikes out swinging
|
Batting: RHB Owen Cannon
|
0-0: Ball 1-0: Foul Ball, location: 2F 1-1: Ball 2-1: Foul Ball, location: 2F 2-2: SINGLE (Groundball, 56D)
|
Batting: LHB Jeff Simpson
|
0-0: Fly out, F8 (Flyball, 8LS)
|
Top of the 5th over - 0 run(s), 1 hit(s), 0 error(s), 1 left on base; Highwood 1 - Delaware 1 |
BOTTOM OF THE 5TH |
Delaware 1787 BC batting - Pitching for Highwood Hawks : RHP Blaine Stottlar
|
Batting: RHB John Willoughby
|
0-0: Called Strike 0-1: Ball 1-1: Ball 2-1: Called Strike 2-2: Foul Ball, location: 2F 2-2: Strikes out swinging
|
Batting: SHB Chris Hansen
|
0-0: Fly out, F8 (Flyball, 8LM)
|
Batting: LHB Donovan Inman
|
0-0: Reached on error, E4 (Groundball, 4D)
|
Batting: RHB Toyozo Yamasaki
|
0-0: Ball 1-0: Called Strike 1-1: Ball 2-1: Fielders Choice at 2nd, 6-4 (Groundball, 6D)
|
Bottom of the 5th over - 0 run(s), 0 hit(s), 1 error(s), 0 left on base; Highwood 1 - Delaware 1 |
TOP OF THE 6TH |
Highwood Hawks batting - Pitching for Delaware 1787 BC : RHP Pedro Reynoso
|
Batting: RHB Stephen McManus
|
0-0: Called Strike 0-1: Ball 1-1: DOUBLE (Line Drive, 78D)
|
Batting: RHB Lane McCool
|
0-0: Called Strike Stephen McManus steals 3rd base 0-1: Ball 1-1: Called Strike 1-2: Ball 2-2: Ground out 5-3 (Groundball, 56S)
|
Batting: SHB Iikka Karpinen
|
0-0: Foul Ball, location: 2F 0-1: Foul Ball, location: 2F 0-2: Ball 1-2: Ball 2-2: Strikes out swinging
|
Pitching: RHP Ismael García
|
|
Batting: RHB Ray Covalt
|
0-0: Swinging Strike 0-1: Swinging Strike 0-2: Strikes out looking
|
Top of the 6th over - 0 run(s), 1 hit(s), 0 error(s), 1 left on base; Highwood 1 - Delaware 1 |
BOTTOM OF THE 6TH |
Delaware 1787 BC batting - Pitching for Highwood Hawks : RHP Blaine Stottlar
|
Batting: RHB David Wooderson
|
0-0: Foul Ball, location: 2F 0-1: Foul Ball, location: 2F 0-2: Ball 1-2: Strikes out swinging
|
Batting: RHB José Rodríguez
|
0-0: Foul Ball, location: 2F 0-1: Swinging Strike 0-2: Ball 1-2: Ground out 6-3 (Groundball, 6)
|
Batting: LHB Juan Ledezma
|
0-0: Swinging Strike 0-1: Ball 1-1: Ground out 6-3 (Groundball, 6)
|
Bottom of the 6th over - 0 run(s), 0 hit(s), 0 error(s), 0 left on base; Highwood 1 - Delaware 1 |
TOP OF THE 7TH |
Highwood Hawks batting - Pitching for Delaware 1787 BC : RHP Ismael García
|
Batting: RHB Johnny Henshaw-Jacobs
|
0-0: Ball 1-0: Ball 2-0: Fly out, F4 (Popup, 34)
|
Batting: LHB Carlos Medellín
|
0-0: Ball 1-0: Fly out, F9 (Line Drive, 9)
|
Pinch Hitting: RHB Gerardo Espinoza
|
0-0: Ball 1-0: Foul Ball, location: 2F 1-1: Ball 2-1: Foul Ball, location: 2F 2-2: Foul Ball, location: 2F 2-2: Ball 3-2: Ground out 4-3 (Groundball, 4)
|
Top of the 7th over - 0 run(s), 0 hit(s), 0 error(s), 0 left on base; Highwood 1 - Delaware 1 |
BOTTOM OF THE 7TH |
Delaware 1787 BC batting - Pitching for Highwood Hawks : RHP Blaine Stottlar
|
Now at 1B: Gerardo Espinoza
|
|
Pinch Hitting: LHB Ward Wilberfoss
|
0-0: Swinging Strike 0-1: Foul Ball, location: 2F 0-2: Strikes out swinging
|
Batting: RHB Randy Sheffield
|
0-0: Fly out, F9 (Flyball, 9)
|
Batting: RHB John Willoughby
|
0-0: Called Strike 0-1: Ball 1-1: Ground out 5-3 (Groundball, 56)
|
Bottom of the 7th over - 0 run(s), 0 hit(s), 0 error(s), 0 left on base; Highwood 1 - Delaware 1 |
TOP OF THE 8TH |
Highwood Hawks batting - Pitching for Delaware 1787 BC : RHP Ismael García
|
Now at 3B: Alejandro Sánchez
|
|
Batting: RHB Owen Cannon
|
0-0: SINGLE (Groundball, 56D)
|
Batting: LHB Jeff Simpson
|
0-0: Called Strike 0-1: Ball 1-1: Ball 2-1: Foul Ball, location: 2F 2-2: Ball 3-2: Strikes out looking
|
Batting: RHB Stephen McManus
|
0-0: Called Strike 0-1: Called Strike 0-2: Fly out, F8 (Flyball, 8RS)
|
Batting: RHB Lane McCool
|
0-0: Called Strike Owen Cannon steals 2nd base 0-1: Ball 1-1: Fly out, F6 (Popup, 6MS)
|
Top of the 8th over - 0 run(s), 1 hit(s), 0 error(s), 1 left on base; Highwood 1 - Delaware 1 |
BOTTOM OF THE 8TH |
Delaware 1787 BC batting - Pitching for Highwood Hawks : RHP Blaine Stottlar
|
Pinch Hitting: LHB Chase Popoff
|
0-0: Ball 1-0: Ball 2-0: Ball 3-0: Called Strike 3-1: Foul Ball, location: 2F 3-2: Base on Balls
|
Pinch Hitting: RHB Eddie McDoom
|
0-0: Bunt missed! 0-1: Sac Bunt - play at first, batter OUT! 1-4 Chase Popoff to second
|
Pinch Hitting: RHB Dam Son
|
0-0: Called Strike 0-1: Foul Ball, location: 2F 0-2: Ball 1-2: Ball 2-2: Foul Ball, location: 2F 2-2: Strikes out swinging
|
Batting: RHB David Wooderson
|
0-0: Foul Ball, location: 2F 0-1: Fly out, F6 (Popup, 56D)
|
Bottom of the 8th over - 0 run(s), 0 hit(s), 0 error(s), 1 left on base; Highwood 1 - Delaware 1 |
TOP OF THE 9TH |
Highwood Hawks batting - Pitching for Delaware 1787 BC : RHP Ismael García
|
Pitching: RHP Gabriel Chávez
|
|
Now at 1B: Chase Popoff
|
|
Now at 2B: Norberto Rivera
|
|
Now in RF: Jim Unknown
|
|
Pinch Hitting: LHB Jaime Aguilar
|
0-0: Ball 1-0: Ball 2-0: Swinging Strike 2-1: Foul Ball, location: 2F 2-2: Strikes out swinging
|
Pinch Hitting: RHB Tevin McTevin
|
0-0: Called Strike 0-1: Ball 1-1: Foul Ball, location: 2F 1-2: Strikes out swinging
|
Batting: RHB Johnny Henshaw-Jacobs
|
0-0: Ground out 6-3 (Groundball, 6)
|
Top of the 9th over - 0 run(s), 0 hit(s), 0 error(s), 0 left on base; Highwood 1 - Delaware 1 |
|